[Event "*** SCC Grand Prix: Titled Tuesday Blitz"]
[Site "Chess.com"]
[Date "2020.07.07"]
[Round "6"]
[White "sewin16"]
[Black "Karina_Ivanova"]
[Result "1-0"]
[WhiteElo "2413"]
[BlackElo "2223"]
[TimeControl "180+1"]
[EndTime "11:02:52 PDT"]
[Termination "sewin16 won by resignation"]

1. e4 c6 2. d4 d5 3. Nc3 dxe4 4.
Nxe4 Bf5 5. Ng3 Bg6 6. h4 h6 7. Nf3 Nd7 8. h5 Bh7 9. Bd3 Bxd3 10.
Qxd3 e6 11. Bf4 Qa5+ 12. Bd2 Qc7 13. O-O-O Ngf6 14. Kb1 O-O-O 15. Qe2 c5 16. dxc5 Bxc5 17. c4 a6 18. Bc3 Qb6 19. Rd2 Rhe8 20. Rhd1 Nf8 21. Ne5 Rxd2 22. Rxd2 Re7 23. Nd3 Bd4 24.
c5 Bxc5 25. Nxc5 Qxc5 26. Bxf6 Rc7 27. Bc3 1-0

[Event "*** SCC Grand Prix: Titled Tuesday Blitz"]
[Site "Chess.com"]
[Date "2020.07.07"]
[Round "6"]
[White "elamier"]
[Black "Matveev_Vladimir"]
[Result "0-1"]
[WhiteElo "2316"]
[BlackElo "2549"]
[TimeControl "180+1"]
[EndTime "11:02:55 PDT"]
[Termination "Matveev_Vladimir won by resignation"]

1. d4 Nf6 2. Bg5 g6 3. Bxf6 exf6 4. e3 f5 5. Ne2 d6 6. g3 h5 7. h4 Nd7 8. Bg2 Nf6 9. Qd3 Bh6 10. c4 O-O 11. Nbc3 Ng4 12. Nf4 Re8 13. O-O c6 14.
b4 Bd7 15. a4 g5 16. hxg5 Qxg5 17. Bf3 h4 18. Rae1 hxg3 19. fxg3 Nxe3 0-1

[Event "*** SCC Grand Prix: Titled Tuesday Blitz"]
[Site "Chess.com"]
[Date "2020.07.07"]
[Round "6"]
[White "Smile2005"]
[Black "DishonorOnYourCow"]
[Result "1/2-1/2"]
[WhiteElo "2461"]
[BlackElo "2331"]
[TimeControl "180+1"]
[EndTime "11:03:00 PDT"]
[Termination "Game drawn by agreement"]

1. b3 d5 2. Bb2 c6 3. e3 Nf6 4. f4 g6 5. Nf3 Bg7 6. Be2 O-O 7. O-O b6 8. Ne5 c5 9. d3 Qc7 10. Nd2 Nc6 11. Nxc6 Qxc6 12. Nf3 Bb7 13. Ne5 Qc7 14. Qe1 Nd7 15. Qg3 Nxe5 16. fxe5 f6 17. exf6 Qxg3 18. hxg3 Bxf6 19. Bxf6 exf6 20. Bf3 Rfe8 21.
Rae1 Kg7 22. c4 Rad8 23. Kf2 Re7 24. Rd1 1/2-1/2

[Event "*** SCC Grand Prix: Titled Tuesday Blitz"]
[Site "Chess.com"]
[Date "2020.07.07"]
[Round "6"]
[White "GuuBol"]
[Black "luizwas"]
[Result "1-0"]
[WhiteElo "2259"]
[BlackElo "1824"]
[TimeControl "180+1"]
[EndTime "11:03:12 PDT"]
[Termination "GuuBol won by resignation"]

1. e4 e6 2. d3 d5 3. Nc3 Bb4 4. Bd2 c5 5. a3 Bxc3 6. Bxc3 d4 7. Bd2 Nc6 8. f4 Nf6 9. Nf3 Bd7 10. g3 O-O 11. Bg2 Qb6 12. b3 Rfe8 13. O-O e5 14. Qe1 Bg4 15. h3 Bxf3 16. Rxf3 h6 17. Qf2 Qc7 18. Rf1 b5 19. f5 a5 20. a4 bxa4 21. bxa4 Rab8 22. g4 Nb4 23. Qh4 Nxc2 24. Bxh6 gxh6 25. Qxf6 Ne3 26. Qxh6 Nxf1 27. f6 1-0

[Event "*** SCC Grand Prix: Titled Tuesday Blitz"]
[Site "Chess.com"]
[Date "2020.07.07"]
[Round "6"]
[White "monalize"]
[Black "ChronicUnhappiness"]
[Result "0-1"]
[WhiteElo "2258"]
[BlackElo "2420"]
[TimeControl "180+1"]
[EndTime "11:03:16 PDT"]
[Termination "ChronicUnhappiness won by resignation"]

1. e4 c5 2. Nf3 Nc6 3. d4 cxd4 4. Nxd4 Nf6 5. Nc3 e5 6. Ndb5 d6 7. Bg5 a6 8. Bxf6 gxf6 9. Na3 b5 10. Nd5 Bg7 11. c4 f5 12. cxb5 Nd4 13. b6 O-O 14.
Bd3 fxe4 15. Bxe4 f5 16. Bd3 Kh8 17. O-O e4 18. Bc4 Be5 19. Nc2 Nf3+ 20. gxf3 Bxh2+ 21. Kg2 Rg8+ 0-1

[Event "*** SCC Grand Prix: Titled Tuesday Blitz"]
[Site "Chess.com"]
[Date "2020.07.07"]
[Round "6"]
[White "Fins0905"]
[Black "jonaszmb"]
[Result "1-0"]
[WhiteElo "2628"]
[BlackElo "2469"]
[TimeControl "180+1"]
[EndTime "11:03:23 PDT"]
[Termination "Fins0905 won by resignation"]

1. Nf3 d5 2. d4 Nf6 3. c4 e6 4.
Bg5 Nbd7 5. e3 c6 6. Nc3 Qa5 7. cxd5 exd5 8. Bd3 Ne4 9. O-O Nxg5 10. Nxg5 Nf6 11. e4 h6 12. Nf3 dxe4 13. Nxe4 Nxe4 14.
Bxe4 Be6 15. Ne5 Bd5 16. Qf3 Bxe4 17. Qxf7+ 1-0

[Event "*** SCC Grand Prix: Titled Tuesday Blitz"]
[Site "Chess.com"]
[Date "2020.07.07"]
[Round "6"]
[White "chessfrendz"]
[Black "rugbyclub"]
[Result "1-0"]
[WhiteElo "2316"]
[BlackElo "2139"]
[TimeControl "180+1"]
[EndTime "11:03:29 PDT"]
[Termination "chessfrendz won by checkmate"]

1. d4 d5 2. c4 e6 3. Nc3 c6 4.
e4 dxe4 5. Nxe4 Bb4+ 6. Bd2 Bxd2+ 7. Qxd2 Nf6 8. Ng3 O-O 9. Nf3 c5 10. O-O-O cxd4 11. Qxd4 Qa5 12. Kb1 Nc6 13. Qh4 b6 14. Bd3 Ba6 15. Ne4 Nh5 16. Neg5 Nb4 17. Bxh7+ Kh8 18.
Qxh5 Qxa2+ 19. Kc1 g6 20. Bxg6+ Kg7 21. Qh7+ Kf6 22.
Ne4+ Ke7 23. Qh4+ Ke8 24. Nf6+ Ke7 25. Ng8+ Ke8 26. Qe7# 1-0

[Event "*** SCC Grand Prix: Titled Tuesday Blitz"]
[Site "Chess.com"]
[Date "2020.07.07"]
[Round "6"]
[White "Tenamu"]
[Black "MoreChessJulia"]
[Result "1-0"]
[WhiteElo "2374"]
[BlackElo "1841"]
[TimeControl "180+1"]
[EndTime "11:03:30 PDT"]
[Termination "Tenamu won by resignation"]

1. d4 g6 2. Nc3 Bg7 3. e4 c5 4. d5 e6 5. Nf3 exd5 6. exd5 d6 7. Bc4 Nf6 8. O-O O-O 9. h3 a6 10. a4 Re8 11. Bf4 b6 12. Qd2 Qc7 13. Rfe1 Nbd7 14. Bh6 Bh8 15. Qf4 Bb7 16. Qh4 Rad8 17. Ng5 Ne5 18.
Ba2 c4 19. f4 Ned7 20. f5 Nxd5 21. fxg6 hxg6 22. Bxc4 N7f6 23. Rf1 Nxc3 24. Bxf7+ 1-0

[Event "*** SCC Grand Prix: Titled Tuesday Blitz"]
[Site "Chess.com"]
[Date "2020.07.07"]
[Round "6"]
[White "IMKarimIsmael"]
[Black "UCantHandleDenker"]
[Result "0-1"]
[WhiteElo "2401"]
[BlackElo "2539"]
[TimeControl "180+1"]
[EndTime "11:03:31 PDT"]
[Termination "UCantHandleDenker won by resignation"]

1. e4 d6 2. d4 Nf6 3. Nc3 g6 4.
Be3 Bg7 5. h3 O-O 6. f4 c5 7.
dxc5 Qa5 8. Qd2 dxc5 9. e5 Rd8 10. Qf2 Ne4 11. Qf3 Nxc3 12. Bd2 Rxd2 13. Kxd2 Nb1+ 14. Kc1 Qd2+ 15. Kxb1 Qe1+ 0-1

[Event "*** SCC Grand Prix: Titled Tuesday Blitz"]
[Site "Chess.com"]
[Date "2020.07.07"]
[Round "6"]
[White "deribas12345"]
[Black "Godzillator"]
[Result "1-0"]
[WhiteElo "2587"]
[BlackElo "2361"]
[TimeControl "180+1"]
[EndTime "11:03:33 PDT"]
[Termination "deribas12345 won by resignation"]

1. d4 d5 2. c4 c6 3. Nf3 Nf6 4. Nc3 a6 5. g3 dxc4 6. Bg2 b5 7. O-O Bb7 8. e4 e6 9. e5 Nd5 10. Ne4 Nd7 11. Bg5 Qc7 12. Re1 h6 13. Bd2 Be7 14.
g4 Rd8 15. a4 c5 16. axb5 cxd4 17. bxa6 Ba8 18. Nxd4 Nxe5 19. Qa4+ Kf8 20. Ba5 Nb6 21. Qb5 Rxd4 22. Bxb6 Qd7 23. Qxe5 f6 24. Qxd4 1-0

[Event "*** SCC Grand Prix: Titled Tuesday Blitz"]
[Site "Chess.com"]
[Date "2020.07.07"]
[Round "6"]
[White "AungTZ"]
[Black "Julianos82"]
[Result "0-1"]
[WhiteElo "2109"]
[BlackElo "2257"]
[TimeControl "180+1"]
[EndTime "11:03:35 PDT"]
[Termination "Julianos82 won by resignation"]

1. e4 c5 2. Nf3 b6 3. d4 cxd4 4. Nxd4 Bb7 5. Nc3 a6 6. a4 e6 7.
Be2 Qc7 8. Be3 Nf6 9. f3 Bc5 10. Qd2 Nc6 11. a5 O-O 12. axb6 Bxb6 13. O-O d5 14. Nxc6 Bxc6 15. e5 Nd7 16. f4 Qa7 17. Bxb6 Qxb6+ 18. Kh1 Nc5 19. b3 d4 20. Qxd4 Rfd8 21.
Qe3 Qb4 22. Bxa6 0-1

[Event "*** SCC Grand Prix: Titled Tuesday Blitz"]
[Site "Chess.com"]
[Date "2020.07.07"]
[Round "6"]
[White "zaur-mammadov"]
[Black "rynos0411"]
[Result "1-0"]
[WhiteElo "2599"]
[BlackElo "2437"]
[TimeControl "180+1"]
[EndTime "11:03:41 PDT"]
[Termination "zaur-mammadov won by resignation"]

1. e4 c6 2. Nc3 d5 3. Nf3 dxe4 4.
Nxe4 Nf6 5. Qe2 Bf5 6. Nxf6+ gxf6 7. d3 Nd7 8. g3 e6 9. Bg2 Bd6 10. Bd2 Qc7 11. O-O-O O-O-O 12. Nh4 Bg6 13. f4 Rde8 14. Bc3 h5 15. Rde1 Bxf4+ 16. Kb1 Be5 17. d4 Bd6 18. Rhf1 c5 19. dxc5 Nxc5 20. Nxg6 fxg6 21.
Rxf6 Rhg8 22. Ref1 Na4 23. Bd4 Bc5 24. Rf7 Re7 25.
Rxe7 Qxe7 26. Bf6 Qc7 27. Qxe6+ 1-0

[Event "*** SCC Grand Prix: Titled Tuesday Blitz"]
[Site "Chess.com"]
[Date "2020.07.07"]
[Round "6"]
[White "orrbaverlekszarnyon"]
[Black "Klaus1995"]
[Result "1-0"]
[WhiteElo "2198"]
[BlackElo "1869"]
[TimeControl "180+1"]
[EndTime "11:03:49 PDT"]
[Termination "orrbaverlekszarnyon won by resignation"]

1. e4 c5 2. Nf3 d6 3. d4 cxd4 4. Nxd4 Nf6 5. Nc3 a6 6. h3 e6 7.
g4 d5 8. Bg2 dxe4 9. Nxe4 Be7 10. Be3 Qc7 11. O-O Nbd7 12. Qe2 O-O 13. c4 Nxe4 14.
Bxe4 Nf6 15. Bg2 Bd7 16. Rac1 Rac8 17. b3 h6 18. Rfd1 Rfd8 19. Qf3 e5 20. Nf5 Bc6 21. Qg3 Bf8 22. g5 Nh5 23. Qh4 Bxg2 24. Kxg2 Nf4+ 25. Bxf4 exf4 26. gxh6 Qc6+ 27. Kg1 g6 28. Rxd8 gxf5 29. Qg5+ Kh7 30. Rxf8 1-0

[Event "*** SCC Grand Prix: Titled Tuesday Blitz"]
[Site "Chess.com"]
[Date "2020.07.07"]
[Round "6"]
[White "GrafLermontov"]
[Black "politeplayer"]
[Result "0-1"]
[WhiteElo "2472"]
[BlackElo "2260"]
[TimeControl "180+1"]
[EndTime "11:03:50 PDT"]
[Termination "politeplayer won by resignation"]

1. d4 d5 2. c4 e6 3. Nc3 c5 4. cxd5 exd5 5. Nf3 Nc6 6. g3 Nf6 7. Bg2 Be7 8. O-O O-O 9. Bg5 cxd4 10. Nxd4 h6 11.
Be3 Re8 12. Qd2 Bb4 13. Rfd1 Bg4 14. h3 Nxd4 15. Qxd4 Bxc3 16. Qxc3 Bxe2 17. Rd2 Rc8 18. Qb3 Bc4 19. Qxb7 Rc7 20. Qb4 Ne4 21. Bxe4 Rxe4 22.
Rad1 Qc8 23. Kg2 Bf1+ 0-1

[Event "*** SCC Grand Prix: Titled Tuesday Blitz"]
[Site "Chess.com"]
[Date "2020.07.07"]
[Round "6"]
[White "Th3_Hound"]
[Black "NiranjanNavalgund"]
[Result "1-0"]
[WhiteElo "2529"]
[BlackElo "2398"]
[TimeControl "180+1"]
[EndTime "11:03:51 PDT"]
[Termination "Th3_Hound won by checkmate"]

1. e4 g6 2. d4 Bg7 3. Nf3 d6 4. Nc3 Nc6 5. h3 e5 6. d5 Nce7 7. a4 h6 8. Nd2 f5 9. Bd3 Nf6 10.
a5 a6 11. O-O O-O 12. f3 Nh5 13. Nc4 f4 14. b4 Kh7 15. b5 Ng8 16. b6 Bf6 17. Ba3 Be7 18. bxc7 Qxc7 19. Nb6 Qxc3 20.
Nxa8 Qd4+ 21. Kh2 Bh4 22. Nb6 Bg3+ 23. Kh1 Bxh3 24. c3 Qe3 25. Ra2 Bh4 26. gxh3 Ng3+ 27. Kg2 Nxf1 28. Qxf1 Nf6 29. Qd1 Qe1 30.
Qxe1 Bxe1 31. Bxd6 Rf7 32. Bxe5 Ne8 33. d6 Bh4 34. d7 Ng7 35. Bxg7 Kxg7 36. Bc4 Rf8 37. Bd5 Bd8 38. e5 Rf5 39. Re2 Rg5+ 40. Kf1 Rg3 41.
e6 Rxh3 42. e7 Bxe7 43. Rxe7+ Kf6 44. d8=Q Kg5 45. Re5# 1-0

[Event "*** SCC Grand Prix: Titled Tuesday Blitz"]
[Site "Chess.com"]
[Date "2020.07.07"]
[Round "6"]
[White "grandcoach"]
[Black "VALPARAISO37"]
[Result "0-1"]
[WhiteElo "2108"]
[BlackElo "2294"]
[TimeControl "180+1"]
[EndTime "11:03:52 PDT"]
[Termination "VALPARAISO37 won by resignation"]

1. e4 e5 2. Nf3 Nc6 3. d4 exd4 4.
c3 Nge7 5. cxd4 d5 6. e5 Bg4 7. Be3 Nf5 8. Bd3 g6 9. O-O Nxe3 10. fxe3 Bh6 11. Qe1 O-O 12. Nc3 f6 13. Qg3 Bxf3 14. Rxf3 fxe5 15. Rxf8+ Kxf8 16. Qf3+ Kg7 17. Nxd5 exd4 18. Rf1 Bxe3+ 19. Nxe3 dxe3 20. Qf7+ Kh8 21. Be4 e2 22. Re1 Qd4+ 23. Kh1 Qxe4 24. Qf6+ Kg8 0-1

[Event "*** SCC Grand Prix: Titled Tuesday Blitz"]
[Site "Chess.com"]
[Date "2020.07.07"]
[Round "6"]
[White "albano87"]
[Black "Sacbutt"]
[Result "0-1"]
[WhiteElo "2425"]
[BlackElo "2316"]
[TimeControl "180+1"]
[EndTime "11:03:53 PDT"]
[Termination "Sacbutt won by resignation"]

1. e4 c5 2. Nf3 d6 3. d4 cxd4 4.
Qxd4 a6 5. c4 Nc6 6. Qd2 Nf6 7.
Nc3 g6 8. b3 Bg7 9. Bb2 Qa5 10.
Rb1 O-O 11. Be2 Bg4 12. h3 Bxf3 13. Bxf3 Nd7 14. Be2 Rfe8 15. O-O Nc5 16. Rfd1 Rad8 17. Bf3 Ne5 18. Be2 Nc6 19. f4 Nd4 20. Qe3 Nxe2+ 21. Nxe2 Qxa2 22. Bxg7 Kxg7 23. Qc3+ Kg8 24. Ng3 b5 25. f5 bxc4 26. bxc4 Rb8 27. Ra1 Qb3 28. Qd4 Qxg3 0-1

[Event "*** SCC Grand Prix: Titled Tuesday Blitz"]
[Site "Chess.com"]
[Date "2020.07.07"]
[Round "6"]
[White "Usurpov"]
[Black "BabyBoss31"]
[Result "1-0"]
[WhiteElo "2405"]
[BlackElo "2217"]
[TimeControl "180+1"]
[EndTime "11:03:53 PDT"]
[Termination "Usurpov won by resignation"]

1. e4 e6 2. d4 d5 3. e5 c5 4. c3 Nc6 5. Nf3 Qb6 6. a3 c4 7.
Nbd2 Bd7 8. Be2 Nge7 9. Bxc4 O-O-O 10. Bd3 f6 11. O-O h6 12. b4 f5 13. a4 g5 14. a5 Qc7 15. Nb3 g4 16. Ne1 h5 17.
b5 Nb8 18. b6 axb6 19. axb6 Qxb6 20. Nc5 Bc6 21. Bg5 1-0

[Event "*** SCC Grand Prix: Titled Tuesday Blitz"]
[Site "Chess.com"]
[Date "2020.07.07"]
[Round "6"]
[White "AndrewMaco"]
[Black "tigra"]
[Result "0-1"]
[WhiteElo "2629"]
[BlackElo "2798"]
[TimeControl "180+1"]
[EndTime "11:03:56 PDT"]
[Termination "tigra won on time"]

1. e4 c5 2. Nf3 d6 3. d4 cxd4 4. Nxd4 Nf6 5. Nc3 a6 6. f3 e5 7. Nb3 Be6 8. Be3 Be7 9. Qd2 Nbd7 10. O-O-O O-O 11. g4 b5 12. g5 Nh5 13. Nd5 Bxd5 14.
exd5 f6 15. h4 fxg5 16. hxg5 Ng3 17. Bh3 Rxf3 18. Be6+ Kh8 19. Rxh7+ Kxh7 20. g6+ Kxg6 21. Rg1 Bg5 0-1

[Event "*** SCC Grand Prix: Titled Tuesday Blitz"]
[Site "Chess.com"]
[Date "2020.07.07"]
[Round "6"]
[White "BogdanDeac"]
[Black "profofchess"]
[Result "1-0"]
[WhiteElo "2798"]
[BlackElo "2460"]
[TimeControl "180+1"]
[EndTime "11:03:57 PDT"]
[Termination "BogdanDeac won by resignation"]

1. Nf3 Nc6 2. d4 d5 3. c4 Bg4 4. Nc3 e6 5. cxd5 exd5 6. Bf4 Bd6 7. Bg3 Nge7 8. e3 Qd7 9. Be2 O-O 10. Qb3 Na5 11. Qc2 Bf5 12. Bd3 Bxd3 13. Qxd3 Nc4 14. Nxd5 Nxb2 15. Nxe7+ Bxe7 16. Qb3 Bb4+ 17. Kf1 Qb5+ 18.
Kg1 Nc4 19. a3 a5 20. h3 a4 21. Qxb4 Qxb4 22. axb4 1-0

[Event "*** SCC Grand Prix: Titled Tuesday Blitz"]
[Site "Chess.com"]
[Date "2020.07.07"]
[Round "6"]
[White "pavlitas17"]
[Black "ErikBlomqvist"]
[Result "0-1"]
[WhiteElo "2298"]
[BlackElo "2509"]
[TimeControl "180+1"]
[EndTime "11:03:58 PDT"]
[Termination "ErikBlomqvist won by resignation"]

1. d4 Nf6 2. c4 e6 3. Nf3 Bb4+ 4. Nbd2 O-O 5. a3 Be7 6. e4 d6 7.
Be2 Nfd7 8. O-O e5 9. d5 a5 10.
Rb1 a4 11. b4 axb3 12. Nxb3 Na6 13. Ne1 Nac5 14. Nd3 Nxe4 15. c5 Nc3 16. Qc2 Nxb1 17. Qxb1 Nxc5 18. Nbxc5 dxc5 19. Nxe5 Qxd5 20. Bb2 Be6 21.
Rd1 Qa2 22. Qc1 Rfd8 23. Bd3 Bf6 24. Rd2 Bg5 25. f4 Bxf4 26. Bxh7+ Kxh7 27. Rxd8 Bxc1 0-1

[Event "*** SCC Grand Prix: Titled Tuesday Blitz"]
[Site "Chess.com"]
[Date "2020.07.07"]
[Round "6"]
[White "kakakz"]
[Black "TheLawAdv"]
[Result "1-0"]
[WhiteElo "2377"]
[BlackElo "2066"]
[TimeControl "180+1"]
[EndTime "11:04:01 PDT"]
[Termination "kakakz won by resignation"]

1. d4 d5 2. Nf3 e6 3. g3 Nf6 4. Bg2 Bd6 5. O-O O-O 6. c4 c6 7. Nc3 dxc4 8. Nd2 Nbd7 9. Nxc4 Bc7 10. b3 e5 11. Ba3 Re8 12. Nd6 Bxd6 13. Bxd6 exd4 14. Qxd4 Nf8 15. Rfd1 Be6 16. e4 Qc8 17. Rac1 Rd8 18. Qb4 Bh3 19. Bh1 b6 20. e5 Nd5 21.
Nxd5 c5 22. Ne7+ 1-0

[Event "*** SCC Grand Prix: Titled Tuesday Blitz"]
[Site "Chess.com"]
[Date "2020.07.07"]
[Round "6"]
[White "vanImpe"]
[Black "csati17"]
[Result "0-1"]
[WhiteElo "2449"]
[BlackElo "2646"]
[TimeControl "180+1"]
[EndTime "11:04:03 PDT"]
[Termination "csati17 won by resignation"]

1. g3 d5 2. Bg2 Nf6 3. c4 c6 4. Nf3 e6 5. O-O Nbd7 6. d4 Be7 7. Nbd2 O-O 8. Qc2 b6 9. Rd1 Ba6 10. b3 Rc8 11. e4 c5 12. exd5 exd5 13. Qf5 g6 14.
Qh3 Qc7 15. Bb2 Rce8 16. Rac1 Bc8 17. cxd5 Nxd5 18. Qh6 Bf6 19. Ng5 Bxg5 20. Qxg5 Nb4 21. Ne4 f5 22. Nc3 Bb7 23. dxc5 Bxg2 24. Kxg2 Qc6+ 25.
Kg1 Ne5 26. Nd5 Nf3+ 0-1

[Event "*** SCC Grand Prix: Titled Tuesday Blitz"]
[Site "Chess.com"]
[Date "2020.07.07"]
[Round "6"]
[White "kleopl"]
[Black "Iball95"]
[Result "0-1"]
[WhiteElo "2410"]
[BlackElo "2583"]
[TimeControl "180+1"]
[EndTime "11:04:05 PDT"]
[Termination "Iball95 won by resignation"]

1. c4 Nf6 2. Nc3 c5 3. Nf3 Nc6 4. g3 g6 5. d4 cxd4 6. Nxd4 Bg7 7. Bg2 O-O 8. O-O Qa5 9. a3 d6 10. Nxc6 bxc6 11. Bxc6 Rb8 12. Bg2 Be6 13. Nd5 Nxd5 14. cxd5 Bg4 15. Rb1 Qa6 16. f3 Bd7 17. e4 Rfc8 18.
Rf2 Ba4 19. Qd2 Rc2 20. Qe1 Rxf2 21. Qxf2 Qd3 22. Ra1 Bd4 0-1

[Event "*** SCC Grand Prix: Titled Tuesday Blitz"]
[Site "Chess.com"]
[Date "2020.07.07"]
[Round "6"]
[White "GM_LOADING"]
[Black "Gerodot71"]
[Result "1-0"]
[WhiteElo "2574"]
[BlackElo "2386"]
[TimeControl "180+1"]
[EndTime "11:04:05 PDT"]
[Termination "GM_LOADING won by resignation"]

1. e4 e5 2. Nf3 Nc6 3. Bc4 Nf6 4.
d3 h6 5. O-O d6 6. a4 g6 7. c3 Bg7 8. Re1 O-O 9. d4 Qe7 10. h3 Bd7 11. Nbd2 Kh8 12. a5 Rae8 13. b4 exd4 14. cxd4 Nxb4 15. Ba3 c5 16. e5 Nfd5 17. exd6 Qxd6 18. Rxe8 Rxe8 19. dxc5 Qxc5 20. Bxd5 Qxd5 21. Bxb4 Bxa1 22. Qxa1+ Kh7 23. Qf6 Qe6 24. Qd4 b6 25. Bc3 Rg8 26. Ne4 1-0

[Event "*** SCC Grand Prix: Titled Tuesday Blitz"]
[Site "Chess.com"]
[Date "2020.07.07"]
[Round "6"]
[White "temus_galaktionov"]
[Black "FMJoseHerrera"]
[Result "1-0"]
[WhiteElo "2661"]
[BlackElo "2490"]
[TimeControl "180+1"]
[EndTime "11:04:07 PDT"]
[Termination "temus_galaktionov won by resignation"]

1. d4 Nf6 2. Nf3 c5 3. d5 g6 4. c4 b5 5. Nc3 a6 6. Qc2 Bg7 7. e4 O-O 8. Be2 d6 9. O-O Nbd7 10. h3 Nb6 11. cxb5 axb5 12. Nxb5 Ba6 13. a4 Nfd7 14. Bf4 Rb8 15. Rab1 c4 16. Na7 Bb7 17. Bxc4 Nc5 18. Bb5 Ra8 19. Nc6 Bxc6 20. Bxc6 Ra7 21. a5 Na8 22. b4 Nd7 23. Be3 Ne5 24. Nxe5 Qxa5 25.
bxa5 1-0

[Event "*** SCC Grand Prix: Titled Tuesday Blitz"]
[Site "Chess.com"]
[Date "2020.07.07"]
[Round "6"]
[White "Iskusnyh"]
[Black "whodee11"]
[Result "1-0"]
[WhiteElo "2452"]
[BlackElo "2316"]
[TimeControl "180+1"]
[EndTime "11:04:07 PDT"]
[Termination "Iskusnyh won by resignation"]

1. d4 Nf6 2. c4 g6 3. g3 Bg7 4. Bg2 O-O 5. Nc3 d6 6. Nf3 Nbd7 7. O-O e5 8. e3 Qe7 9. a4 Re8 10. b3 Nf8 11. Ba3 e4 12. Nd2 Bf5 13. c5 Qd7 14. cxd6 cxd6 15. Nc4 Rac8 16. Nb5 d5 17. Ncd6 Bg4 18.
Qd2 h5 19. Nxc8 Rxc8 20. Rac1 Rxc1 21. Rxc1 a6 22. Nd6 Ne6 23. h3 Bf3 24. Qc3 Kh7 25. Qc8 Qe7 26. Nb5 Qe8 27. Qxe8 Nxe8 28. Nd6 Nxd6 29.
Bxd6 Bxd4 30. Bxf3 exf3 31. exd4 Nxd4 32. Rc7 1-0

[Event "*** SCC Grand Prix: Titled Tuesday Blitz"]
[Site "Chess.com"]
[Date "2020.07.07"]
[Round "6"]
[White "Thee-Chessboy"]
[Black "Alkhoori90"]
[Result "1-0"]
[WhiteElo "2535"]
[BlackElo "2258"]
[TimeControl "180+1"]
[EndTime "11:04:08 PDT"]
[Termination "Thee-Chessboy won by resignation"]

1. d4 Nf6 2. c4 c5 3. Nf3 g6 4. g3 Bg7 5. Bg2 O-O 6. O-O d6 7. Nc3 Nc6 8. dxc5 dxc5 9. Be3 Be6 10. Qa4 Qa5 11. Qxa5 Nxa5 12. b3 Rac8 13. Ng5 Bf5 14.
Rad1 Rfd8 15. Rxd8+ Rxd8 16. Bxc5 Nc6 17. Bxc6 bxc6 18.
Bxa7 h6 19. Nf3 Ng4 20. Rc1 Bxc3 21. Rxc3 Ra8 22. Bc5 Rxa2 23. h3 Nf6 24. Bxe7 Ne4 25. Re3 Rb2 26. g4 1-0

[Event "*** SCC Grand Prix: Titled Tuesday Blitz"]
[Site "Chess.com"]
[Date "2020.07.07"]
[Round "6"]
[White "MrChampion_Coach"]
[Black "EnergeticHay"]
[Result "1-0"]
[WhiteElo "2415"]
[BlackElo "2244"]
[TimeControl "180+1"]
[EndTime "11:04:09 PDT"]
[Termination "MrChampion_Coach won by checkmate"]

1. c4 Nf6 2. Nc3 g6 3. g3 Bg7 4. Bg2 O-O 5. h4 d6 6. d3 h5 7. Nh3 c5 8. Ng5 Nc6 9. a3 e5 10. Bd2 a6 11. Rb1 Rb8 12. b4 cxb4 13. axb4 Bd7 14.
b5 axb5 15. Nxb5 Nd4 16. Nxd4 exd4 17. O-O Bc6 18. Bf4 Qd7 19. Bh3 Qe7 20. Qd2 b5 21.
Qb4 bxc4 22. Qxb8 Rxb8 23. Rxb8+ Bf8 24. dxc4 Nd7 25. Rc8 Ba4 26. Bg2 Ne5 27. Bd5 Bd7 28. Rc7 Qd8 29. Bxe5 Qxc7 30. Bxf7# 1-0

[Event "*** SCC Grand Prix: Titled Tuesday Blitz"]
[Site "Chess.com"]
[Date "2020.07.07"]
[Round "6"]
[White "GukeshDommaraju"]
[Black "GadimbayliA"]
[Result "0-1"]
[WhiteElo "2712"]
[BlackElo "2899"]
[TimeControl "180+1"]
[EndTime "11:04:10 PDT"]
[Termination "GadimbayliA won on time"]

1. d4 d5 2. c4 e5 3. dxe5 d4 4. Nf3 Nc6 5. g3 Nge7 6. Bg2 Ng6 7. O-O Ngxe5 8. Nxe5 Nxe5 9. Bf4 Ng6 10. Bd2 h5 11. h4 Be7 12. e3 O-O 13. exd4 Qxd4 14. Nc3 Bg4 15. Qc2 Qxc4 16. Bxb7 Rad8 17. Be3 Ne5 18. Qe4 Qe6 19. Bd5 Nf3+ 20. Qxf3 Bxf3 21. Bxe6 fxe6 0-1

[Event "*** SCC Grand Prix: Titled Tuesday Blitz"]
[Site "Chess.com"]
[Date "2020.07.07"]
[Round "6"]
[White "WPWPWP-2015"]
[Black "Ze-Pequeno"]
[Result "1-0"]
[WhiteElo "2414"]
[BlackElo "2235"]
[TimeControl "180+1"]
[EndTime "11:04:12 PDT"]
[Termination "WPWPWP-2015 won by resignation"]

1. e4 c5 2. Nf3 d6 3. d4 cxd4 4.
Nxd4 Nf6 5. Nc3 a6 6. Be2 e6 7. O-O Be7 8. Be3 O-O 9. f4 Qc7 10. g4 b5 11. g5 Nfd7 12. Bd3 Re8 13. Qh5 Bf8 14. f5 Ne5 15. Rf4 g6 16. Qh3 Nbc6 17.
Rh4 h5 18. Rxh5 gxh5 19. Qxh5 Nxd3 20. cxd3 Ne5 21. Rf1 exf5 22. Nd5 1-0

[Event "*** SCC Grand Prix: Titled Tuesday Blitz"]
[Site "Chess.com"]
[Date "2020.07.07"]
[Round "6"]
[White "Evachess2006"]
[Black "DonPreuss"]
[Result "0-1"]
[WhiteElo "1618"]
[BlackElo "2186"]
[TimeControl "180+1"]
[EndTime "11:04:12 PDT"]
[Termination "DonPreuss won on time"]

1. e4 e5 2. Nf3 d5 3. exd5 e4 4.
Qe2 Nf6 5. d3 Qxd5 6. Nc3 Bb4 7.
dxe4 Qxe4 8. Qxe4+ Nxe4 9. Bd2 Nxd2 10. Kxd2 Nc6 11. Bb5 Bd7 12. Rhe1+ Be6 13. Bxc6+ bxc6 14. Nd4 O-O-O 15. Ke3 Bc5 16. Rad1 Rd7 17. Ne4 Bb6 18. c3 Rhd8 19. Rd2 f5 20. Ng3 c5 0-1

[Event "*** SCC Grand Prix: Titled Tuesday Blitz"]
[Site "Chess.com"]
[Date "2020.07.07"]
[Round "6"]
[White "YellowJacek"]
[Black "bmt011"]
[Result "1-0"]
[WhiteElo "2258"]
[BlackElo "2113"]
[TimeControl "180+1"]
[EndTime "11:04:14 PDT"]
[Termination "YellowJacek won by resignation"]

1. e4 e6 2. d4 d5 3. Nc3 Nf6 4. e5 Nfd7 5. f4 c5 6. Nf3 Nc6 7. Be3 cxd4 8. Nxd4 Bc5 9. Qd2 Nxd4 10. Bxd4 Bxd4 11.
Qxd4 a6 12. O-O-O Qa5 13. Bd3 b5 14. Kb1 Qb6 15. Qxb6 Nxb6 16. b3 Bd7 17. Ne2 Ke7 18.
Nd4 Rhc8 19. Kb2 Rc5 20. h4 Rac8 21. h5 a5 22. h6 g6 23. Nf3 f6 24. exf6+ Kxf6 25. Ng5 Rh8 26. Rhe1 Nc8 27. Re3 Rc6 28.
Bxb5 1-0

[Event "*** SCC Grand Prix: Titled Tuesday Blitz"]
[Site "Chess.com"]
[Date "2020.07.07"]
[Round "6"]
[White "Maili15"]
[Black "colegiodemadrid"]
[Result "0-1"]
[WhiteElo "2247"]
[BlackElo "2416"]
[TimeControl "180+1"]
[EndTime "11:04:18 PDT"]
[Termination "colegiodemadrid won by resignation"]

1. d4 Nf6 2. c4 g6 3. Nc3 Bg7 4. e4 d6 5. f4 O-O 6. Nf3 Na6 7.
Be2 e5 8. fxe5 dxe5 9. d5 Nc5 10. Bg5 h6 11. Bxf6 Qxf6 12. b4 Nd7 13. c5 a5 14.
a3 axb4 15. axb4 Rxa1 16. Qxa1 Qf4 17. O-O Qe3+ 18. Kh1 Nf6 19. Qb2 Nxe4 20. Nxe4 Qxe4 21. Rd1 Qf4 22. Qb3 e4 23. Nd4 Be5 24. g3 Qf2 25. Qc4 Bh3 26. Bf1 Bxd4 27. Bxh3 Qf3+ 0-1